 Dungeon Crawl Stone Soup version 0.23-a0-419-g0174fd8 (webtiles) character file.

889 chorionicmirror the Slasher (level 7, 0/85 HPs)
             Began as a Demonspawn Fighter on Nov 12, 2018.
             Killed from afar by an electric eel (7 damage)
             ... with a bolt of electricity
             ... on level 6 of the Dungeon.
             The game lasted 00:19:11 (5338 turns).

chorionicmirror the Slasher (Demonspawn Fighter)    Turns: 5338, Time: 00:19:15

Health: 0/85       AC: 23    Str: 18    XL:     7   Next: 77%
Magic:  7/7        EV:  2    Int: 10    God:
Gold:   100        SH:  9    Dex: 12    Spells: 6/6 levels left

rFire    . . .     SeeInvis .   a - +1 long sword
rCold    . . .     Gourm    .   c - +0 shield
rNeg     + + +     Faith    .   (armour currently unavailable)
rPois    +         Spirit   .   (helmet currently unavailable)
rElec    .         Reflect  .   (cloak currently unavailable)
rCorr    .         Harm     .   (gloves currently unavailable)
MR       .....     NoTele   +   (boots currently unavailable)
Stlth    +.........             (no amulet)
HPRegen  0.24/turn              (no ring)
MPRegen  0.10/turn              (no ring)

@: tree-form
A: rot immunity
a: no special abilities


You were on level 6 of the Dungeon.
You were not hungry.
You were a tree.
You visited 1 branch of the dungeon, and saw 6 of its levels.

You collected 262 gold pieces.
You spent 162 gold pieces at shops.

Inventory:

Hand Weapons
 a - a +1 long sword (weapon)
Missiles
 u - a throwing net (quivered)
Armour
 b - a +0 scale mail (melded)
 c - a +0 shield (worn)
 n - a scarf of spirit shield (melded)
 p - a +0 pair of boots (melded)
Scrolls
 g - a scroll of identify
 h - a scroll of magic mapping
 j - 2 scrolls of fear
 k - 3 scrolls of teleportation
 r - a scroll of remove curse
 t - a scroll of enchant weapon
Potions
 d - a potion of ambrosia
 e - a potion of lignification
 i - 2 potions of mutation
 l - a potion of agility
 m - 6 potions of curing
 s - 2 potions of magic
Comestibles
 f - 4 rations


   Skills:
 + Level 5.7 Fighting
 * Level 6.7 Long Blades
 - Level 3.0 Armour
 - Level 3.0 Shields


You had 6 spell levels left.
You didn't know any spells.
Your spell library was empty.

Dungeon Overview and Level Annotations

Branches:
Dungeon (6/15)
 Temple: D:4-7

Altars:

Shops:
D:5 }:*%?


Innate Abilities, Weirdness & Mutations

((You have a pair of horns on your head.))
((Your flesh is cold resistant. (rC+)))
You are immune to rotting.


Message History

You swing at nothing.
The electric eel shoots out a bolt of lightning at you!
The bolt of electricity hits you!
* * * LOW HITPOINT WARNING * * *
The bolt of electricity hits you!
You nearly hit yourself!
You closely miss the electric eel.
You nearly hit yourself!
The electric eel shoots out a bolt of lightning at you!
The bolt of electricity hits you!
* * * LOW HITPOINT WARNING * * *
The bolt of electricity hits you!
* * * LOW HITPOINT WARNING * * *
You miss the electric eel.
You feel less invigorated.
You feel less confused.
The electric eel shoots out a bolt of lightning at you!
The bolt of electricity hits you!
* * * LOW HITPOINT WARNING * * *
The bolt of electricity hits you!
You die...

#≈≈≈≈≈≈≈≈# #≈≈≈≈≈≈≈≈≈
#≈≈≈≈≈≈≈≈≈# ###########
#≈≈≈≈≈≈≈≈≈#
≈≈≈≈≈≈≈≈≈≈#####≈≈≈≈≈≈≈≈≈#
≈≈≈≈≈≈≈≈≈≈≈≈≈≈≈≈≈≈≈≈≈≈≈≈#
≈≈≈≈≈≈≈≈≈≈≈≈≈≈≈†;≈≈≈≈≈≈≈#
≈≈...≈≈≈≈≈≈≈≈≈..♣≈.≈≈.≈≈#
[.......................#
........................#
.......#######..#########
.......# #..##
.......######.##
..............>#
.......####.#### .......#
#.#


You could see an electric eel.

Vanquished Creatures
  Eustachio (D:4)
  An ice beast (D:6)
  A sky beast (D:5)
  An ogre (D:4)
  An electric eel (D:6)
  A centaur zombie (D:6)
  Crazy Yiuf (D:2)
  An orc priest (D:6)
  A jelly (D:5)
  An orc wizard (D:6)
  2 worker ants
  A hound skeleton (D:4)
  Robin (D:2)
  A howler monkey skeleton (D:5)
  4 gnolls (D:5)
  5 adders
  A shadow imp (D:5)
  2 oozes (D:2)
  An adder zombie (D:5)
  An adder skeleton (D:4)
  2 worms
  2 dart slugs (D:2)
  A leopard gecko (D:6)
  7 orcs
  6 bats
  4 giant cockroaches
  11 goblins
  11 hobgoblins
  4 jackals (D:2)
  2 ball pythons
  2 frilled lizards
  12 kobolds
  10 rats
103 creatures vanquished.

Notes
Turn   | Place    | Note
-------+----------+-------------------------------------------
     0 | D:1      | chorionicmirror the Demonspawn Fighter began the quest for
                  | the Orb.
     0 | D:1      | Reached XP level 1. HP: 18/18 MP: 1/1
   101 | D:1      | Reached skill level 2 in Long Blades
   174 | D:1      | Gained mutation: You are immune to rotting. [demonic
                  | ancestry]
   174 | D:1      | Reached XP level 2. HP: 21/24 MP: 2/2
   653 | D:2      | Gained mutation: Your flesh is cold resistant. (rC+)
                  | [demonic ancestry]
   653 | D:2      | Reached XP level 3. HP: 23/29 MP: 3/3
   660 | D:2      | Noticed Robin
   681 | D:2      | Killed Robin
  1028 | D:2      | Reached skill level 3 in Long Blades
  1033 | D:2      | Gained mutation: You have a pair of small horns on your
                  | head. [demonic ancestry]
  1033 | D:2      | Reached XP level 4. HP: 26/35 MP: 4/4
  1193 | D:2      | Found a runed door.
  1197 | D:2      | Noticed Crazy Yiuf
  1203 | D:2      | Killed Crazy Yiuf
  1939 | D:3      | Reached XP level 5. HP: 39/42 MP: 3/5
  2580 | D:3      | Reached skill level 4 in Long Blades
  2845 | D:4      | Noticed an ogre
  2855 | D:4      | Killed an ogre
  2855 | D:4      | Gained mutation: You have a pair of horns on your head.
                  | [demonic ancestry]
  2855 | D:4      | Reached XP level 6. HP: 20/49 MP: 2/6
  3109 | D:4      | Noticed Eustachio
  3115 | D:4      | Killed Eustachio
  3115 | D:4      | Reached skill level 5 in Long Blades
  3392 | D:5      | Entered Level 5 of the Dungeon
  3479 | D:5      | Found Rycoq's Gadget Emporium.
  3553 | D:5      | Found Yqoacw's Book Emporium.
  3557 | D:5      | Reached skill level 5 in Fighting
  3596 | D:5      | Found Ikupp's Food Shoppe.
  4009 | D:5      | Noticed a sky beast
  4011 | D:5      | Found Toonnoor's Magic Scroll Boutique.
  4017 | D:5      | Killed a sky beast
  4017 | D:5      | Reached XP level 7. HP: 43/56 MP: 4/7
  4022 | D:5      | Bought a scroll of identify for 24 gold pieces
  4022 | D:5      | Bought a scroll of identify for 24 gold pieces
  4022 | D:5      | Bought a scroll of identify for 24 gold pieces
  4022 | D:5      | Bought a scroll of enchant weapon for 90 gold pieces
  4069 | D:5      | Found Jyuneceg's General Store.
  4220 | D:5      | Reached skill level 6 in Long Blades
  5313 | D:6      | HP: 1/85 [electric eel/bolt of electricity (10)]
  5328 | D:6      | HP: 2/85 [electric eel/bolt of electricity (9)]
  5338 | D:6      | Killed from afar by an electric eel

Vault maps used:
D:1:      lightli_iron_boxes
D:2:      uniq_robin, uniq_crazy_yiuf_cottage
D:4:      kennysheep_generic_room_10, uniq_eustachio
D:5:      serial_shops, nicolae_shop_temple_entry_statues_fountains, shop, shop,
          shop, shop_fountains, first_ration, grunt_ministairs_13
D:6:      minmay_goblin_kobold_castle, gammafunk_temple_overflow_pools,
          basic_altar

Skill      XL: |  1  2  3  4  5  6  7 |
---------------+----------------------+-----
Long Blades    | 2 3 4 5 6 |  6.7
Armour         | 3 |  3.0
Shields        | 3 |  3.0
Fighting       | 4 5 |  5.7

Action                   |  1- 3 |  4- 6 |  7- 9 || total
-------------------------+-------+-------+-------++-------
Melee: Long sword        |   125 |   149 |    74 ||   348
       Headbutt          |       |    25 |    12 ||    37
  Use: Scroll            |     2 |    10 |     2 ||    14
       Potion            |     1 |       |     3 ||     4
  Eat: Chunk             |       |     4 |     3 ||     7
       Ration            |       |     2 |     1 ||     3
Armor: Scale mail        |    58 |    49 |    31 ||   138
       Skin              |       |       |     2 ||     2
Dodge: Dodged            |    36 |    45 |    15 ||    96
Block: Shield            |    61 |    73 |    35 ||   169
       Rpst.: Long sword |    14 |    10 |     7 ||    31

Table legend:
 A = Non-vault XP
 B = Vault XP
 C = Vault XP percentage of total XP
 D = Non-vault monster count
 E = Vault monster count
 F = Vault count percentage of total count
                 A         B        C        D         E       F
            +---------+---------+-------+---------+---------+-------
      Total |     963 |     307 |  24.2 |      91 |      12 |  11.7
            +---------+---------+-------+---------+---------+-------
        D:1 |      30 |       0 |   0.0 |      19 |       0 |   0.0
        D:2 |      82 |      69 |  45.7 |      24 |       8 |  25.0
        D:3 |      66 |       0 |   0.0 |      21 |       0 |   0.0
        D:4 |     195 |     202 |  50.9 |       7 |       1 |  12.5
        D:5 |     269 |      32 |  10.6 |      13 |       1 |   7.1
        D:6 |     321 |       4 |   1.2 |       7 |       2 |  22.2
            +---------+---------+-------+---------+---------+-------
